 Dungeon Crawl Stone Soup version 0.25-a0-458-g6fc7858b95 (webtiles) character file.

Game seed: 11167186381959108867, levelgen mode: deterministic

1459 Error4North the Chopper (level 8, 0/69 HPs)
             Began as a Hill Orc Fighter on Feb 2, 2020.
             Was a Priest of Okawaru.
             Slain by a gnoll
             ... wielding a +0 halberd
              (1 damage)
             ... in a bailey.
             The game lasted 00:15:58 (4268 turns).

Error4North the Chopper (Hill Orc Fighter)          Turns: 4268, Time: 00:15:58

Health: 0/69       AC: 18    Str: 18 (21) XL:     8   Next: 76%
Magic:  10/11      EV:  7    Int: 11 (13) God:    Okawaru [***...]
Gold:   379        SH: 11    Dex:  7 (10) Spells: 7/7 levels left

rFire    + . .     SeeInvis .   a - +0 war axe
rCold    + . .     Gourm    .   c - +0 shield
rNeg     . . .     Faith    .   r - +0 plate armour (curse)
rPois    .         Spirit   .   (no helmet)
rElec    .         Reflect  .   h - scarf {rC+ rF+}
rCorr    .         Harm     .   (no gloves)
MR       +....     Rnd*Tele +   w - +2 pair of boots {Stlth+}
Stlth    ..........             (no amulet)
HPRegen  0.21/turn              q - ring of teleportation (curse)
MPRegen  0.12/turn              p - ring of protection from magic

@: brilliant, heroism, flying
A: mutation resistance 1
a: Heroism, Renounce Religion


You were in a bailey.
You worshipped Okawaru.
Okawaru was most pleased with you.
You were not hungry.

You visited 1 branch of the dungeon, and saw 5 of its levels.
You also visited: Ossuary and Bailey.

You collected 379 gold pieces.

Inventory:

Hand Weapons
 a - a +0 war axe (weapon)
Missiles
 v - 18 boomerangs (quivered)
Armour
 c - a +0 shield (worn)
 h - a scarf of resistance (worn)
 r - a cursed +0 plate armour (worn)
 w - a +2 pair of boots of stealth (worn)
Jewellery
 l - an uncursed ring of protection from cold
 p - a ring of protection from magic (right hand)
 q - a cursed ring of teleportation (left hand)
 y - a cursed ring of attention {unknown}
Wands
 j - a wand of random effects (5)
Scrolls
 e - 3 scrolls of magic mapping {unknown}
 g - 5 scrolls of teleportation {unknown}
 i - 6 scrolls of identify {unknown}
 o - 2 scrolls of noise {unknown}
 s - 2 scrolls of fear {unknown}
 t - a scroll of acquirement {unknown}
 u - 2 scrolls of enchant armour {unknown}
 A - a scroll of immolation {unknown}
 B - a scroll of amnesia {unknown}
 H - a scroll of remove curse {unknown}
Potions
 d - a potion of might
 k - a potion of flight
 n - a potion of brilliance
 x - a potion of haste {unknown}
 D - a potion of cancellation
 G - a potion of ambrosia {unknown}
 I - a potion of berserk rage {unknown}
Comestibles
 f - 8 rations


   Skills:
 + Level 5.6(10.6) Fighting
 + Level 7.4(12.4) Axes
 + Level 0.4(5.4) Throwing
 * Level 6.0(11.0) Armour
 + Level 0.2(5.2) Dodging
 * Level 6.5(11.5) Shields
 * Level 4.3 Invocations
 * Level 2.5 Evocations


You had 7 spell levels left.
You didn't know any spells.
Your spell library was empty.

Dungeon Overview and Level Annotations

Branches:
Dungeon (7/15)            Ossuary (visited)          Bailey (1/1)
 Temple: D:4-7

Altars:
Fedhas
Okawaru

Annotations:
D:7 Joseph


Innate Abilities, Weirdness & Mutations

You are somewhat resistant to further mutation.


Message History

The orc warrior is heavily wounded.
The gnoll closely misses you. You block the orc warrior's attack.
You barely miss the orc warrior.
The orc warrior is heavily wounded.
You block the gnoll's attack. You block the orc warrior's attack.
You hit the orc warrior.
The orc warrior is heavily wounded.
The gnoll hits you but does no damage. The orc warrior closely misses you.
Your shield and plate armour prevent you from hitting the orc warrior.
The orc warrior is heavily wounded.
It was a potion of degeneration.
There was something very wrong with that liquid.
You feel weakened.
You feel dopey.
You feel clumsy.
The gnoll hits you from afar with a +0 halberd.
* * * LOW HITPOINT WARNING * * *
You block the orc warrior's attack.
You hit the orc warrior.
The orc warrior is severely wounded.
The gnoll hits you from afar with a +0 halberd.
You die...

##.....##
###.....###
#.'..∩..'.#
###.....###
##.....#
##'##'##'#
#)###.# #.#
#### ###
### #g#
#.###@# #K#
#'##K##o##


gg# #!.ggg## .gg #..ggg# .⌠. #.'..gK.'.# .. ###.!...### #!...!# #'##'##' '.# #.#
#∩ You could see an orc warrior, 5 gnolls, a hobgoblin and a kobold.

Vanquished Creatures
  Pikel (D:7)
  A slave (D:7)
  2 ogres (D:4)
  4 howler monkeys
  A hound (D:4)
  A human zombie (D:4)
  A gnoll shaman (D:4)
  An orc priest (D:3)
  3 orc wizards
  Natasha (thrice) (D:2)
  2 worker ants
  A big kobold zombie (Ossuary)
  8 mummies (Ossuary)
  8 gnolls
  5 adders
  2 adder zombies
  6 worms
  3 dart slugs
  2 leopard geckos
  11 orcs
  6 bats
  9 giant cockroaches
  8 goblins
  16 hobgoblins
  6 kobolds
  A ball python (D:2)
  3 frilled lizards
  A gnoll zombie (Ossuary)
  4 hobgoblin zombies (Ossuary)
  A kobold zombie (Ossuary)
  An orc zombie (Ossuary)
  10 rats
132 creatures vanquished.

Notes
Turn   | Place    | Note
-------+----------+-------------------------------------------
     0 | D:1      | Error4North the Hill Orc Fighter began the quest for the
                  | Orb.
     0 | D:1      | Reached XP level 1. HP: 19/19 MP: 1/1
   125 | D:1      | Reached XP level 2. HP: 21/27 MP: 2/2
   832 | D:2      | Reached XP level 3. HP: 31/33 MP: 3/3
   836 | D:2      | Reached skill level 3 in Axes
  1098 | D:2      | Reached XP level 4. HP: 16/40 MP: 4/4
  1373 | D:2      | Found an iron altar of Okawaru.
  1373 | D:2      | Noticed Natasha
  1379 | D:2      | Killed Natasha
  1384 | D:2      | Became a worshipper of Warmaster Okawaru
  1461 | D:2      | Noticed Natasha
  1469 | D:2      | Killed Natasha
  1469 | D:2      | Reached skill level 4 in Axes
  1499 | D:2      | Reached XP level 5. HP: 34/46 MP: 5/5
  1501 | D:2      | Noticed Natasha
  1529 | D:2      | Killed Natasha
  2323 | D:3      | Reached XP level 6. HP: 26/53 MP: 6/6
  2341 | D:3      | Reached * piety under Okawaru
  2542 | D:3      | Found a blossoming altar of Fedhas.
  3184 | D:4      | Reached skill level 5 in Axes
  3184 | D:4      | Reached skill level 5 in Shields
  3187 | D:4      | Reached skill level 5 in Fighting
  3277 | D:4      | Reached skill level 1 in Invocations
  3278 | D:4      | Reached XP level 7. HP: 60/61 MP: 6/8
  3309 | D:4      | Reached skill level 6 in Axes
  3309 | D:4      | Reached skill level 5 in Armour
  3319 | D:4      | Reached ** piety under Okawaru
  3319 | D:4      | Reached skill level 1 in Evocations
  3437 | D:4      | Found a sand-covered staircase.
  3463 | Ossuary  | Entered an ossuary
  3790 | Ossuary  | Reached XP level 8. HP: 65/68 MP: 10/10
  3945 | D:4      | You fall into a shaft and drop 3 floors!
  3973 | D:7      | Noticed Pikel
  3992 | D:7      | Killed Pikel
  3992 | D:7      | Reached *** piety under Okawaru
  3992 | D:7      | Reached skill level 7 in Axes
  4107 | D:7      | Found a flagged portal.
  4107 | D:7      | Noticed Joseph
  4110 | Bailey   | Entered a bailey
  4172 | Bailey   | HP: 2/69 [gnoll/+1 halberd of electrocution (15)]
  4256 | Bailey   | HP: 3/69 [gnoll/+0 halberd (2)]
  4262 | Bailey   | Gained mutation: You are somewhat resistant to further
                  | mutation. [potion of mutation]
  4267 | Bailey   | HP: 1/69 [gnoll/+0 halberd (3)]
  4268 | Bailey   | Slain by a gnoll

Levels and vault maps discovered:
D:1:      eino_arrival_cavern_e, layout_basic, minmay_misc_feat_room
D:2:      layout_basic, lemuel_round_altar, uniq_natasha
D:3:      layout_basic, lemuel_doored_altar, first_ration
D:4:      layout_basic, enter_ossuary_3
D:7:      layout_basic, enter_bailey_2, uniq_joseph, uniq_pikel
Bailey:   bailey_axe_2, bailey

Skill      XL: |  1  2  3  4  5  6  7  8 |
---------------+-------------------------+-----
Axes           | 3 4 5 6 7 |  7.4
Armour         | 4 5 6 |  6.0
Shields        | 4 5 6 |  6.5
Fighting       | 4 5 |  5.6
Invocations    | 1 3 4 |  4.3
Evocations     | 1 2 |  2.5
Throwing       | |  0.4
Dodging        | |  0.2

Action                   |  1- 3 |  4- 6 |  7- 9 || total
-------------------------+-------+-------+-------++-------
Melee: War axe           |   123 |   195 |   183 ||   501
Throw: Javelin           |       |     3 |     8 ||    11
       Boomerang         |       |       |     7 ||     7
Invok: Heroism           |       |       |     2 ||     2
Evoke: Wand              |       |       |     1 ||     1
  Use: Potion            |     1 |       |    11 ||    12
  Eat: Chunk             |     1 |     2 |     2 ||     5
       Ration            |       |     2 |       ||     2
Armor: Scale mail        |    30 |       |       ||    30
       Plate armour      |    34 |   151 |   157 ||   342
       Skin              |       |       |     3 ||     3
Dodge: Dodged            |    28 |    41 |    48 ||   117
Block: Shield            |    64 |   123 |   153 ||   340

Table legend:
 A = Non-vault XP
 B = Vault XP
 C = Vault XP percentage of total XP
 D = Non-vault monster count
 E = Vault monster count
 F = Vault count percentage of total count
                 A         B        C        D         E       F
            +---------+---------+-------+---------+---------+-------
      Total |    1140 |     945 |  45.3 |      98 |      33 |  25.2
            +---------+---------+-------+---------+---------+-------
        D:1 |      33 |       0 |   0.0 |      17 |       0 |   0.0
        D:2 |     150 |      35 |  18.9 |      22 |       1 |   4.3
        D:3 |     186 |       0 |   0.0 |      32 |       0 |   0.0
        D:4 |     599 |      43 |   6.7 |      22 |       1 |   4.3
        D:7 |     172 |     617 |  78.2 |       5 |       1 |  16.7
    Ossuary |       0 |     174 | 100.0 |       0 |      16 | 100.0
     Bailey |       0 |      76 | 100.0 |       0 |      14 | 100.0
            +---------+---------+-------+---------+---------+-------
